 BcadrenCrawl: Boulder Brew version 0.04.2-15-ge27eb88979 (webtiles) character file.

Game seed: 401612536135810520, levelgen mode: deterministic

306269 diana the Acrobat (level 22, -1/148 HPs) Kobold Gladiator. Began on May 11, 2021. Was the Champion of Okawaru. Slain by a Hell Sentinel (14 damage) ... on level 3 of the Abyss. The game lasted 01:31:28 (37089 turns).

diana the Acrobat (Kobold Gladiator)               Turns: 37089, Time: 01:31:28

Health: -1/148     AC: 12    Str: 20      XL:     22 ^: 86770
Magic:  43/43      EV: 47    Int: 15      God:    Okawaru [6* [199]]
Gold:   3235       SH:  5    Dex: 30 (31) Spells: 21/21 levels left

rFire    + . .     Vision   +   a - +4 hunting sling "Yxzihyre" {venom, Int+2 Dex+2}
rCold    + + .     Gourm    .   M - +2 katar (venom)
rNeg     + . .     Faith    .   A - +1 robe of the Arcane {rC+ MP+9 Dex+2}
rPois    .         Spirit   .   y - +0 hat {MR+}
rElec    +         Reflect  +   I - +0 cloak
rCorr    .         Harm     .   D - +3 pair of gloves of Luel {*Drain rElec rF+ Int+7}
MR       ++...                  p - +0 pair of boots
Stlth    ++++......             L - amulet of Luebin {Reflect rElec rN+ SH+5}
HPRegen  0.59/turn              S - ring "Wanax" {EV+5 Dex+4}
MPRegen  0.53/turn              K - ring "Umetot" {rC+ MP+9 Str+5 Int-3 +Vis}

@: heroism, studying 3 skills
A: small, carnivore, [deterioration 1], [low mp 1]
}: 2/15 runes: serpentine, barnacled
a: Heroism, Finesse, Renounce Religion


You were on level 3 of the Abyss.
You worshipped Okawaru.
Okawaru was exalted by your worship.
You were not hungry.

You visited 9 branches of the dungeon, and saw 31 of its levels.
You visited the Abyss 1 time.
You also visited: Ice Cave and Wizlab.

You collected 4323 gold pieces.
You spent 1088 gold pieces at shops.

Inventory:

Weapons
 a - the +4 hunting sling "Yxzihyre" (weapon) {venom, Int+2 Dex+2}
   (Okawaru gifted it to you on level 1 of the Snake Pit)

   It poisons the ammo it fires.
   It affects your intelligence (+2).
   It affects your dexterity (+2).
 M - a +2 katar of venom (weapon) Shields
 C - the +6 sai of False Hope {venom, rPois Dex+2}
   (Okawaru gifted it to you on level 1 of the Lair of Beasts)

   Base shield rating: 3 Skill to remove penalty: 3.5 It affects your dexterity
   (+2).
   It protects you from poison.
 W - the +7 sai "Ifurases" {pierce, Int+3}
   (Okawaru gifted it to you on level 1 of the Orcish Mines)

   Base shield rating: 3 Skill to remove penalty: 3.5 It affects your
   intelligence (+3).
Armour
 p - a +0 pair of boots (worn)
 w - the +27 Lear's hauberk
   (Okawaru gifted it to you on level 3 of the Snake Pit)
 y - a +0 hat of magic resistance (worn)
 A - the +1 robe of the Arcane (worn) {rC+ MP+9 Dex+2}
   (You found it on level 4 of the Dungeon)

   It affects your dexterity (+2).
   It protects you from cold.
   It affects your magic capacity (+9).
 D - the +3 pair of gloves of Luel (worn) {*Drain rElec rF+ Int+7}
   (Okawaru gifted it to you on level 3 of the Lair of Beasts)

   It affects your intelligence (+7).
   It protects you from fire.
   It insulates you from electricity.
   It causes draining when unequipped.
 I - a +0 cloak (worn)
 J - the +7 chain mail "Kiovick" {Dex+6}
   (Okawaru gifted it to you in an ice cave)

   It affects your dexterity (+6).
Jewellery
 K - the ring "Umetot" (right hand) {rC+ MP+9 Str+5 Int-3 +Vis}
   (You found it in an ice cave)

   [ring of strength]

   It affects your strength (+5).
   It affects your intelligence (-3).
   It protects you from cold.
   It affects your magic capacity (+9).
   It improves your vision.
 L - the amulet of Luebin (around neck) {Reflect rElec rN+ SH+5}
   (You found it in an ice cave)

   [amulet of reflection]

   It shields you and reflects attacks.
   It insulates you from electricity.
   It protects you from negative energy.
   It affects your SH (+5).
 S - the ring "Wanax" (left hand) {EV+5 Dex+4}
   (You bought it in a shop on level 2 of the Orcish Mines)

   [ring of evasion]

   It affects your evasion (+5).
   It affects your dexterity (+4).
 U - the cursed macabre finger necklace {rN+, (Curse: rC-)}
   (You took it off a naga sharpshooter on level 3 of the Snake Pit)

   [amulet of nothing]

   It protects you from negative energy.
   It has a curse placed upon it.
   { (Curse: rC-)}
Wands
 b - a wand of flame (51)
 d - a wand of ensnaring (24)
 t - a wand of disintegration (39)
 z - a wand of polymorph (32)
 B - a wand of iceblast (19)
 F - a wand of clouds (8)
 T - a wand of scattershot (7)
 X - a wand of acid (45)
Scrolls
 e - a scroll of summoning
 g - 22 scrolls of teleportation
 h - 12 scrolls of amnesia
 j - 3 scrolls of holy word
 k - 7 scrolls of fear
 n - 19 scrolls of enchantment
 o - 6 scrolls of bless item
 r - 2 scrolls of blinking
 u - 6 scrolls of magic mapping
 G - 6 scrolls of fog
 N - 4 scrolls of acquirement
Potions
 c - 2 potions of resistance
 i - 17 potions of curing
 l - 5 potions of might
 m - 4 potions of brilliance
 q - 5 potions of haste
 s - 6 potions of cure mutation
 v - 6 potions of agility
 x - 4 potions of magic
 E - 7 potions of heal wounds
 H - 3 potions of ambrosia
 O - a potion of beneficial mutation
 P - 2 potions of cancellation
 Q - a potion of invisibility
 V - a potion of berserk rage
Comestibles
 f - 58 rations


   Skills:
 + Level 18.8(23.8) Fighting
 - Level 21.0(26.0) Short Blades
 - Level 16.0(21.0) Slings
 + Level 11.2(16.2) Armour
 - Level 22.0(27) Dodging
 - Level 8.0 Invocations
 - Level 2.1 Evocations


You had 21 spell levels left.
You didn't know any spells.
Your spell library contained the following spells:

 Spells                   Type           Power        Failure   Level  Hunger
 Flame Tongue             Fire           0 (30)       26%         1    ##.....
 Freeze                   Ice            0 (25)       26%         1    ##.....
 Poisonous Vapours        Pois/Air       0 (50)       26%         1    ##.....
 Sandblast                Erth           0 (50)       26%         1    ##.....
 Shock                    Air            0 (25)       26%         1    ##.....
 Summon Butterflies       Summ           0 (100)      26%         1    ##.....
 Summon Small Mammal      Summ           0 (25)       26%         1    ##.....
 Blink                    Tloc           N/A          38%         2    ###....
 Call Imp                 Summ           0 (100)      38%         2    ###....
 Corpse Rot               Tmut/Necr      N/A          38%         2    ###....
 Passwall                 Tmut/Erth      0 (120)      38%         2    ###....
 Slow                     Hex            0 (100)      38%         2    ###....
 Sting                    Pois           0 (25)       38%         2    ###....
 Sublimation of Blood     Necr           0 (200)      38%         2    ###....
 Swiftness                Chrm/Air       0 (100)      38%         2    ###....
 Throw Frost              Ice            0 (50)       38%         2    ###....
 Call Canine Familiar     Summ           0 (100)      63%         3    ####...
 Conjure Flame            Fire           0 (100)      63%         3    ####...
 Ignite Poison            Fire/Tmut      0 (100)      63%         3    ####...
 Mephitic Cloud           Pois/Air       0 (100)      63%         3    ####...
 Ozocubu's Armour         Chrm/Ice       0 (100)      63%         3    ####...
 Recall                   Summ/Tloc      N/A          63%         3    ####...
 Static Discharge         Air            0 (100)      63%         3    ####...
 Stone Arrow              Erth           0 (50)       63%         3    ####...
 Airstrike                Air            0 (200)      95%         4    #####..
 Hailstorm                Ice            0 (100)      95%         4    #####..
 Olgreb's Toxic Radiance  Pois           0 (100)      95%         4    #####..
 Petrify                  Tmut/Erth      0 (100)      95%         4    #####..
 Still Winds              Hex/Air        0 (200)      95%         4    #####..
 Summon Ice Beast         Ice/Summ       0 (100)      95%         4    #####..
 Throw Icicle             Ice            0 (100)      95%         4    #####..
 Bolt of Draining         Necr           0 (200)      100%        5    ######.
 Excruciating Wounds      Chrm/Necr      0 (200)      100%        5    ######.
 Lee's Rapid Deconstruct  Erth           0 (200)      100%        5    ######.
 Lightning Bolt           Air            0 (200)      100%        5    ######.
 Methodical Deconstructi  Erth           0 (200)      100%        5    ######.
 Agony                    Necr           0 (180)      100%        6    #######
 Freezing Cloud           Ice/Air        0 (200)      100%        6    #######
 Poison Arrow             Pois           0 (200)      100%        6    #######
 Ring of Flames           Chrm/Fire      0 (200)      100%        6    #######
 Summon Hydra Mount       Summ           0 (200)      100%        6    #######
 Haunt                    Necr/Summ      0 (200)      100%        7    #######
 Malign Gateway           Summ/Tloc      0 (200)      100%        7    #######
 Monstrous Menagerie      Summ           0 (200)      100%        7    #######
 Borgnjor's Revivificati  Necr           0 (200)      100%        8    #######
 Chain Lightning          Air            0 (200)      100%        8    #######
 Death's Door             Chrm/Necr      0 (200)      100%        8    #######
 Ignition                 Fire           0 (200)      100%        8    #######
 Lehudib's Crystal Spear  Erth           0 (200)      100%        8    #######
 Necromutation            Tmut/Necr      0 (200)      100%        8    #######
 Summon Jungle            Summ           0 (200)      100%        8    #######
 Fire Storm               Fire           0 (200)      100%        9    #######
 Glaciate                 Ice            0 (200)      100%        9    #######
 Shatter                  Erth           0 (200)      100%        9    #######
 Tornado                  Air            0 (200)      100%        9    #######


Dungeon Overview and Level Annotations

Branches:
Dungeon (8/8)              Temple (1/1) D:4            Lair (6/6) D:5
 Shoals (4/4) Lair:2        Snake (4/4) Lair:4        Slime (0/5) Lair:6
    Orc (2/2) D:6             Elf (3/3) Orc:2        Vaults (2/5) D:7
  Crypt (0/3) Vaults:2     Depths (1/5) D:8           IceCv (visited)
 WizLab (visited)

Altars:
Ashenzari
Cheibriados
Dithmenos
Elyvilon
Fedhas Madash
Gozag Ym Sagoz
Hepliaklqana
Kikubaaqudgha
Makhleb
Nemelex Xobeh
Okawaru
Qazlal
Ru
Sif Muna
Trog
Uskayaw
Vehumet
Wu Jian
Xom
Yredelemnul
Zin
The Shining One
Beogh

Shops:
D:5 [   Orc:2 ([==   Elf:1 %   Elf:3 ?   Snake:1 }=}   Snake:2 ?*[
Snake:4 %%*

Portals:
Trove: D:6 (give +4 storm dragon scales)

Annotations:
D:3 2 transporters, 2 runed translucent doors, diana's ghost, novice MiGl
Lair:1 exclusion: oklob plant
Shoals:1 1 runed translucent door, Wano's ghost, adept DrTm
Elf:2 5 runed translucent doors


Innate Abilities, Weirdness & Mutations

You are small and have problems with some larger weapons.
You are carnivorous and can eat meat at any time.
[Your body sometimes deteriorates upon taking damage.]
[Your magical capacity is low. (-10% MP)]


Message History

You feel much better.
The Hell Sentinel closely misses you (0).
The Hell Sentinel hits you but does no damage.
You are struck by the Hell Sentinel's spines (6).
You puncture the Hell Sentinel (11)!
The Hell Sentinel is severely wounded. (54/136) HP You are struck by the Hell Sentinel's spines (17)!
* * * LOW HITPOINT WARNING * * *
You impale the Hell Sentinel (20)!!
The Hell Sentinel is severely wounded. (34/136) HP The Hell Sentinel gestures at you.
The iron shot misses you.
You puncture the Hell Sentinel (14)!
The Hell Sentinel is almost dead. (21/136) HP You puncture the Hell Sentinel (10)!
The Hell Sentinel is almost dead. (11/136) HP The Hell Sentinel hits you (21)!!
* * * LOW HITPOINT WARNING * * *
The Hell Sentinel hits you (14)!
You die...

. # .... ..
.###_........#. .
... .. ...#... .##.#
.. .. ..... #
....#.# ... #...#
##..##.##..
#...##.=..#.#.......
#.............. ...
#1..............
#@.......... ....
###......† .....
#..###]## .. ..##
... ... .. #. . #...
. ##.. ...###...#
#### .# # ## .. .#
..


You could see a Hell Sentinel.

Vanquished Creatures
  An ancient lich (WizLab)
  Jorgrun (D:8)
  Rupert (Orc:2)
  An ancient champion (WizLab)
  Gastronok (D:4)
  Agnes (D:7)
  7 nagarajas
  7 vault wardens
  Louise (Snake:1)
  3 orc warlords
  Aizul (Snake:2)
  A frost giant (Shoals:4)
  Roxanne (D:8)
  2 ironheart preservers
  A deep elf elementalist (Elf:3)
  3 deep elf demonologists
  A deep elf annihilator (Elf:3)
  An eidolon (Vaults:2)
  4 merfolk javelineers
  2 deep elf death magi
  A chaos butterfly (Lair:2)
  A mummy priest (Lair:1)
  2 ice dragons (Vaults:1)
  14 naga warriors
  Harold (D:4)
  A merfolk avatar (Shoals:1)
  A rakshasa (Vaults:1)
  A deep elf high priest (Elf:1)
  3 satyrs (Shoals:4)
  2 death knights (D:8)
  3 merfolk aquamancers
  4 boulder beetles
  4 great orbs of eyes
  7 ogre magi
  6 very ugly things
  7 merfolk impalers
  2 stone giants
  Urug (Lair:2)
  2 alligator snapping turtles
  12 naga sharpshooters
  4 ettins (Depths:1)
  A swooping magpie (Lair:5)
  9 deep elf knights
  A vampire mage (D:8)
  6 shock serpents
  2 vault guards (Vaults:1)
  4 yaktaur captains (Vaults:1)
  Nergalle (Lair:2)
  7 unseen horrors
  11 hydras
  2 fire crabs (Shoals:3)
  A wretched star (Abyss:3)
  2 lindwurms (Lair:6)
  A salamander mystic (Snake:4)
  2 naga ritualists
  23 two-headed ogres
  8 anacondas
  5 harpies (Shoals:4)
  10 deep elf archers
  A shadow wraith (Abyss:3)
  A tengu warrior (D:8)
  4 ironbrand convokers
  6 centaur warriors
  14 dancing weapons
  A glowing orange brain (Vaults:1)
  20 skeletal warriors
  5 orc knights
  9 fauns
  2 guardian serpents (Snake:4)
  4 necromancers
  7 death yaks (Lair:6)
  10 salamanders
  10 merfolk sirens
  A sea snake (shapeshifter) (Elf:2)
  6 rock worms (Lair:6)
  77 deep elf magi
  15 manticores
  2 oklob plants (Shoals:4)
  17 giraffes
  2 gargoyles (D:7)
  4 orc sorcerers
  6 sea snakes
  Joseph (Lair:1)
  15 naga magi
  An apocalypse crab (Abyss:3)
  37 black mambas
  6 mana vipers
  5 water nymphs
  4 vault sentinels (Vaults:1)
  9 ugly things
  16 spiny frogs
  3 ice statues (IceCv)
  2 small abominations (Abyss:3)
  Maggie (Lair:2)
  A meliai (D:7)
  9 trolls
  9 yaktaurs
  22 merfolk
  5 rime drakes
  3 wolf spiders (Vaults:1)
  5 elephants
  A golden dragon zombie (D:8)
  A fire giant zombie (Vaults:1)
  3 sharks (Shoals:4)
  6 snapping turtles
  A jumping spider (shapeshifter) (Elf:1)
  A polar bear (shapeshifter) (Elf:3)
  A stone giant zombie (Vaults:1)
  4 komodo dragons
  4 polar bears (Lair:3)
  A stone giant skeleton (D:8)
  A hornet (shapeshifter) (Elf:1)
  3 wraiths
  A giraffe zombie (Lair:1)
  2 wind drakes
  2 raiju (Abyss:3)
  An ancient zyme (Abyss:3)
  10 blink frogs
  11 dream sheep
  A cyclops (shapeshifter) (Vaults:1)
  A neqoxec (Abyss:3)
  5 vampires
  A shadow (Vaults:2)
  11 water elementals
  4 wyverns
  A chaos elemental (Abyss:3)
  5 hippogriffs
  6 cyclopes
  5 fire bats
  4 acid dragons
  5 fire elementals
  16 yaks
  A fire dragon zombie (D:8)
  An ettin zombie (Vaults:1)
  A spriggan zombie (D:8)
  5 slime creatures
  2 vampire mosquitoes
  A human simulacrum (Vaults:1)
  7 basilisks
  A redback (Lair:1)
  2 hungry ghosts
  4 guardian mummies (Lair:1)
  50 nagas
  A phantom (D:6)
  A necrophage (D:5)
  8 wargs
  3 spatial vortices (Abyss:3)
  40 orc warriors
  2 scorpions
  2 two-headed ogre zombies (WizLab)
  19 water moccasins
  14 porcupines
  An ogre skeleton (Vaults:1)
  11 ice beasts
  A black bear (shapeshifter) (Vaults:1)
  4 boggarts
  3 human skeletons (Vaults:1)
  4 sky beasts
  An eye of draining (D:4)
  28 ogres
  10 wolves
  9 crocodiles
  An ogre simulacrum (Vaults:1)
  7 big kobolds
  19 bullfrogs
  2 spiny frog zombies (Lair:1)
  9 troll zombies (WizLab)
  3 centaurs
  A meliai zombie (D:7)
  A yaktaur simulacrum (Vaults:1)
  A howler monkey (D:5)
  A harpy skeleton (D:3)
  A hornet zombie (D:7)
  13 wights
  12 killer bees
  3 quasits
  A basilisk zombie (Lair:1)
  An electric eel (Lair:5)
  3 crimson imps
  27 orc priests
  6 hounds
  10 jellies
  Crazy Yiuf (D:4)
  A hornet simulacrum (D:7)
  6 ogre zombies (WizLab)
  4 water moccasin zombies (Lair:1)
  9 worker ants
  3 iguanas
  27 orc wizards
  A crocodile zombie (Lair:1)
  2 wyvern zombies (D:4)
  2 crocodile skeletons (Lair:1)
  3 wyvern skeletons
  18 giant cockroaches
  An iron imp (Abyss:3)
  11 bullfrog zombies
  7 bullfrog skeletons
  2 shadow imps
  12 adders
  49 sewer rats
  5 worms
  15 cinder newts
  15 oozes
  3 dart slugs (D:1)
  10 leopard geckos
  103 orcs
  4 adder skeletons
  2 cinder newt skeletons (D:2)
  10 goblins (D:1)
  3 hobgoblins (D:1)
  2 jackals (D:4)
  32 kobolds
  5 quokkas
  A ball python (D:2)
  11 bats
  A goblin skeleton (D:2)
  2 leopard gecko skeletons (D:3)
  An orc skeleton (D:2)
  A quokka skeleton (Lair:1)
  3 rats (D:1)
  5 butterflies
  2 fungi
  12 jellyfish
  A lurking horror (Abyss:3)
  5 plants
  6 withered plants
1491 creatures vanquished.

Vanquished Creatures (others)
  A nagaraja (Snake:4)
  An unseen horror (Vaults:1)
  A naga mage (Snake:3)
  A yaktaur (Vaults:1)
  Prince Ribbit (D:2)
  2 water elementals
  An orc warrior (Orc:2)
  A boggart (Depths:1)
  A crocodile (D:2)
  A bullfrog (D:2)
  A jelly (D:2)
  A giant cockroach (D:2)
  A sewer rat (D:2)
  A white imp (Vaults:1)
  3 oozes (D:2)
  A ball python (D:2)
  A kobold (D:2)
  A bush (Lair:2)
  3 fungi
  3 giant blowflies
  2 jellyfish
  13 plants
  A slimehead (D:2)
  67 withered plants
110 creatures vanquished.

Grand Total: 1601 creatures vanquished

Notes
Turn   | Place    | Note
-------+----------+-------------------------------------------
     0 | D:1      | diana the Kobold Gladiator began the quest for the Orb.
     0 | D:1      | Reached XP level 1. HP: 12/12 MP: 2/2
    73 | D:1      | Reached skill level 4 in Dodging
    73 | D:1      | Reached XP level 2. HP: 15/18 MP: 3/3
   190 | D:1      | Reached XP level 3. HP: 22/22 MP: 4/4
   276 | D:1      | Reached XP level 4. HP: 28/28 MP: 5/5
   412 | D:1      | Reached skill level 5 in Dodging
   585 | D:2      | Noticed a big kobold
   593 | D:1      | Reached XP level 5. HP: 32/32 MP: 6/6
   627 | D:2      | Found a sacrificial altar of Ru.
   643 | D:2      | Reached XP level 6. HP: 9/37 MP: 7/7
   770 | D:2      | Reached skill level 1 in Armour
   989 | D:1      | Reached skill level 5 in Short Blades
   989 | D:1      | Reached skill level 6 in Dodging
  1217 | D:2      | Reached XP level 7. HP: 12/43 MP: 8/8
  1596 | D:2      | Reached skill level 7 in Dodging
  1813 | D:2      | Reached XP level 8. HP: 40/48 MP: 9/9
  2028 | D:2      | Reached skill level 5 in Fighting
  2028 | D:2      | Reached skill level 8 in Dodging
  2582 | D:2      | Reached XP level 9. HP: 41/54 MP: 10/10
  2642 | D:1      | Reached skill level 9 in Dodging
  2851 | D:2      | Noticed Prince Ribbit
  3126 | D:2      | Killed Prince Ribbit
  3232 | D:2      | Reached skill level 10 in Dodging
  3946 | D:3      | Found a bloodstained altar of Trog.
  4142 | D:3      | Found a transporter.
  4150 | D:3      | Found a transporter.
  4150 | D:3      | Found a large runed translucent door.
  4150 | D:3      | Found a large runed translucent door.
  4151 | D:3      | Noticed diana's ghost (novice MiGl)
  4165 | D:3      | Found a large runed translucent door.
  4165 | D:3      | Found a large runed translucent door.
  4170 | D:3      | Identified the +0 war axe of Responsibility {pain, Str+4}
  4441 | D:3      | Identified the +5 heater shield of True Grit {rPois rC+}
  4640 | D:4      | Found a staircase to the Ecumenical Temple.
  4642 | D:4      | Identified the +1 robe of the Arcane {rC+ MP+9 Dex+2}
  4657 | D:4      | Reached XP level 10. HP: 61/63 MP: 11/11
  4661 | D:4      | Reached skill level 11 in Dodging
  4669 | D:4      | Noticed Gastronok
  4950 | D:4      | Found a runed translucent door.
  4954 | D:4      | Noticed Crazy Yiuf
  4962 | D:4      | Killed Crazy Yiuf
  5115 | D:4      | Noticed Harold
  5203 | Temple   | Entered the Ecumenical Temple
  5278 | Temple   | Became a worshipper of Warmaster Okawaru
  5323 | D:4      | Killed Gastronok
  5323 | D:4      | Received a gift from Okawaru
  5323 | D:4      | Reached * piety under Okawaru
  5323 | D:4      | Reached skill level 12 in Dodging
  5392 | D:4      | Reached ** piety under Okawaru
  5597 | D:4      | Found a snail-covered altar of Cheibriados.
  5626 | D:4      | Found a stormy altar of Qazlal.
  5659 | D:4      | Reached XP level 11. HP: 61/69 MP: 12/12
  5681 | D:5      | Entered Level 5 of the Dungeon
  5769 | D:4      | Killed Harold
  5769 | D:4      | Received a gift from Okawaru
  5769 | D:4      | Reached skill level 10 in Short Blades
  5769 | D:4      | Reached skill level 13 in Dodging
  6396 | D:5      | Reached *** piety under Okawaru
  6609 | D:5      | Received a gift from Okawaru
  6609 | D:5      | Reached skill level 14 in Dodging
  6788 | D:5      | Reached **** piety under Okawaru
  6934 | D:5      | Noticed a two-headed ogre
  7032 | D:5      | Found Lellyg's Armour Emporium.
  7099 | D:5      | Found a white marble altar of Elyvilon.
  7241 | D:5      | Found a staircase to the Lair.
  7576 | D:4      | Reached ***** piety under Okawaru
  7586 | D:5      | Reached XP level 12. HP: 39/76 MP: 13/13
  7597 | D:4      | Reached skill level 10 in Fighting
  7603 | D:4      | Reached skill level 1 in Invocations
  8067 | D:6      | Found a hide-covered altar of Uskayaw.
  8211 | D:6      | Found a portal to a secret trove of treasure.
  8254 | Lair:1   | Entered Level 1 of the Lair of Beasts
  8255 | Lair:1   | Noticed Joseph
  8277 | Lair:1   | Killed Joseph
  8277 | Lair:1   | Reached skill level 15 in Dodging
  8775 | Lair:1   | Identified the +6 sai of False Hope {venom, rPois Dex+2}
                  | (Okawaru gifted it to you on level 1 of the Lair of Beasts)
  8775 | Lair:1   | Received a gift from Okawaru
  8965 | Lair:1   | Identified the +3 hunting sling of Ash {chaos, rF+ rN+
                  | Str+3}
  9204 | Lair:1   | Reached ****** piety under Okawaru
  9668 | Lair:2   | Noticed a chaos butterfly
  9669 | Lair:2   | Noticed Urug
  9722 | Lair:1   | Received a gift from Okawaru
  9722 | Lair:1   | Reached skill level 5 in Invocations
  9833 | Lair:1   | Noticed a mummy priest
  9850 | Lair:1   | Killed a mummy priest
 10631 | Lair:1   | Reached XP level 13. HP: 41/83 MP: 17/17
 10936 | Lair:2   | Reached skill level 1 in Slings
 10940 | Lair:2   | HP: 3/83 [giraffe (10)]
 11287 | Lair:2   | Found a staircase to the Shoals.
 11345 | Lair:2   | Received a gift from Okawaru
 11720 | Lair:2   | Killed Urug
 11752 | Lair:2   | Killed a chaos butterfly
 11864 | Lair:2   | Noticed Nergalle
 11877 | Lair:2   | Noticed Maggie
 11886 | Lair:2   | Killed Nergalle
 11886 | Lair:2   | Reached skill level 5 in Slings
 12060 | Lair:2   | Killed Maggie
 12434 | Lair:3   | Identified the +3 pair of gloves of Luel {*Drain rElec rF+
                  | Int+7} (Okawaru gifted it to you on level 3 of the Lair of
                  | Beasts)
 12434 | Lair:3   | Received a gift from Okawaru
 13968 | Lair:4   | Found a staircase to the Snake Pit.
 14065 | Lair:4   | Reached XP level 14. HP: 74/91 MP: 20/20
 14673 | Lair:4   | Identified the cursed +10 staff of Iplot {flay, earth; rC+
                  | MR+++ AC+5 Str-2 +Vis, (Curse: -Tele)}
 14941 | Lair:5   | Found a frozen archway.
 14955 | IceCv    | Entered an ice cave
 14959 | IceCv    | Reached skill level 10 in Slings
 15207 | IceCv    | Identified the +7 chain mail "Kiovick" {Dex+6} (Okawaru
                  | gifted it to you in an ice cave)
 15207 | IceCv    | Received a gift from Okawaru
 15224 | IceCv    | Identified the amulet of Luebin {Reflect rElec rN+ SH+5}
 15224 | IceCv    | Identified the ring "Umetot" {rC+ MP+9 Str+5 Int-3 +Vis}
 15584 | Lair:5   | Reached skill level 5 in Armour
 16002 | Lair:6   | Entered Level 6 of the Lair of Beasts
 16073 | Lair:6   | Received a gift from Okawaru
 16111 | Lair:6   | Found a shimmering blue altar of Sif Muna.
 16114 | Lair:6   | Found a hazy altar of Hepliaklqana.
 16120 | Lair:6   | Found a staircase to the Slime Pits.
 16121 | Lair:6   | Found a burning altar of Makhleb.
 16123 | Lair:6   | Found a hide-covered altar of Uskayaw.
 16247 | Lair:6   | Reached XP level 15. HP: 96/96 MP: 21/21
 16388 | Lair:6   | Reached skill level 15 in Slings
 16580 | Lair:6   | Identified the +7 shortbow of Muib {chaos, rElec rC- Int+4}
 17601 | D:6      | Received a gift from Okawaru
 17622 | D:6      | Reached skill level 16 in Dodging
 17862 | D:6      | Identified a scroll of acquirement
 17881 | D:6      | Found a staircase to the Orcish Mines.
 18260 | D:7      | Found a shattered altar of Ashenzari.
 18283 | D:7      | Found a glowing golden altar of the Shining One.
 18362 | D:7      | Found a gate to the Vaults.
 18373 | D:7      | Noticed Agnes
 18379 | D:7      | Killed Agnes
 18379 | D:7      | Received a gift from Okawaru
 18379 | D:7      | Reached skill level 17 in Dodging
 18510 | D:7      | Found an opulent altar of Gozag.
 18711 | D:8      | Entered Level 8 of the Dungeon
 18718 | D:8      | Found a burning altar of Makhleb.
 18752 | D:8      | Reached XP level 16. HP: 93/102 MP: 22/22
 18767 | D:8      | Found a staircase to the Depths.
 18841 | D:8      | Noticed Jorgrun
 18847 | D:8      | Killed Jorgrun
 18847 | D:8      | Received a gift from Okawaru
 19063 | D:8      | Found a shadowy altar of Dithmenos.
 19109 | D:8      | Reached skill level 18 in Dodging
 19133 | D:8      | Found a sparkling altar of Nemelex Xobeh.
 19271 | D:8      | Identified Roxanne's Compendium of Ignition
 19271 | D:8      | Noticed Roxanne
 19302 | D:8      | Killed Roxanne
 19302 | D:8      | Reached skill level 15 in Short Blades
 19364 | D:8      | Found a blossoming altar of Fedhas.
 19376 | D:8      | Found a glowing golden altar of the Shining One.
 19646 | Orc:1    | Entered Level 1 of the Orcish Mines
 19867 | Orc:2    | Entered Level 2 of the Orcish Mines
 20002 | Orc:2    | Found a staircase to the Elven Halls.
 20057 | Orc:2    | Found a roughly hewn altar of Beogh.
 20057 | Orc:2    | Noticed Rupert
 20069 | Orc:2    | Received a gift from Okawaru
 20076 | Orc:2    | Killed Rupert
 20083 | Orc:2    | Found Ucewisopt's Jewellery Boutique.
 20092 | Orc:2    | Bought the cursed ring "Wanax" {EV+5 Dex+4, (Curse:
                  | *Drain)} for 876 gold pieces
 20377 | Orc:2    | Found Tiodoenu's Antique Weapon Boutique.
 20379 | Orc:2    | Found Illixze's Antique Armour Shop.
 20380 | Orc:2    | Found a roughly hewn altar of Beogh.
 20782 | Orc:2    | Found a roughly hewn altar of Beogh.
 20805 | Orc:2    | Found Zaring's Jewellery Shop.
 20876 | Orc:1    | Identified the +7 sai "Ifurases" {pierce, Int+3} (Okawaru
                  | gifted it to you on level 1 of the Orcish Mines)
 20876 | Orc:1    | Received a gift from Okawaru
 21472 | Snake:1  | Entered Level 1 of the Snake Pit
 21607 | Snake:1  | Reached XP level 17. HP: 64/107 MP: 23/23
 21616 | Snake:1  | Identified the +4 hunting sling "Yxzihyre" {venom, Int+2
                  | Dex+2} (Okawaru gifted it to you on level 1 of the Snake
                  | Pit)
 21616 | Snake:1  | Received a gift from Okawaru
 21621 | Snake:1  | Noticed Louise
 21627 | Snake:1  | Killed Louise
 21987 | Snake:1  | Found Pizieciox's Gadget Boutique.
 21987 | Snake:1  | Found Luxkoe's Jewellery Emporium.
 21988 | Snake:1  | Found Luon Qoi's Gadget Boutique.
 22619 | Snake:2  | Found Exust's Magic Scroll Shop.
 22620 | Snake:2  | Noticed Aizul
 22633 | Snake:2  | Killed Aizul
 22896 | Snake:2  | Identified the cursed amulet "Bafipama" {Harm *Drain rN+++
                  | Slay+3, (Curse: Fragile Dex-4)}
 23027 | Snake:2  | Found Xettav Daunk's Armour Boutique.
 23027 | Snake:2  | Found Ujyra's Assorted Antiques.
 23261 | Snake:2  | Identified the +6 hunting sling of Resumed Hostilities
                  | {chaos, Int+3} (Okawaru gifted it to you on level 2 of the
                  | Snake Pit)
 23261 | Snake:2  | Received a gift from Okawaru
 23984 | Snake:3  | Received a gift from Okawaru
 23985 | Snake:3  | Found the +27 Lear's hauberk
 24828 | Snake:4  | Entered Level 4 of the Snake Pit
 24863 | Snake:4  | Found Leetaero's General Store.
 24863 | Snake:4  | Found Nuor's Food Boutique.
 24867 | Snake:4  | Found Iklez's Food Shop.
 24874 | Snake:4  | Bought a potion of heal wounds for 85 gold pieces
 24874 | Snake:4  | Bought a scroll of blinking for 127 gold pieces
 24990 | Snake:4  | Reached XP level 18. HP: 114/114 MP: 24/24
 25123 | Snake:4  | Identified the cursed ring "Yroluuguyps" {rC+ MR+ Slay+5,
                  | (Curse: Fragile)}
 25633 | Snake:4  | Received a gift from Okawaru
 25666 | Snake:4  | Identified the cursed ring of Oenomania {-Vis +Inv rPois
                  | rF- Dex+5, (Curse: MP-9)}
 25717 | Snake:4  | Reached skill level 19 in Dodging
 25764 | Snake:4  | Got a serpentine rune of Zot
 26201 | Shoals:1 | Entered Level 1 of the Shoals
 26208 | Shoals:1 | Found a radiant altar of Vehumet.
 26249 | Shoals:1 | Found a runed translucent door.
 26252 | Shoals:1 | Found a shimmering altar of Xom.
 26253 | Shoals:1 | Noticed Wano's ghost (adept DrTm)
 26377 | Shoals:1 | Received a gift from Okawaru
 27520 | Shoals:3 | Received a gift from Okawaru
 27849 | Shoals:3 | Reached XP level 19. HP: 112/122 MP: 25/25
 28290 | Shoals:4 | Entered Level 4 of the Shoals
 28724 | Shoals:4 | Got a barnacled rune of Zot
 28866 | Shoals:4 | Reached skill level 15 in Fighting
 29081 | Shoals:4 | Identified the ring "Kuneid" {MR+ Stlth+}
 29329 | Shoals:4 | Identified the +7 dagger "Demon's Regret" {holy, rF+ Str+4
                  | Dex+2}
 29515 | Shoals:4 | Identified the amulet of Lasisk {Faith rPois}
 29728 | Crypt:2  | Connectivity tunneler affected
                  | cheibrodos_crypt_cold_storage.
 29728 | Crypt:2  | Connectivity tunneler affected
                  | cheibrodos_crypt_cold_storage.
 29728 | Elf:1    | Entered Level 1 of the Elven Halls
 29740 | Elf:1    | Received a gift from Okawaru
 30156 | Elf:1    | Identified the Reference Book on Summoning
 30186 | Elf:1    | Found Athreave's Food Shoppe.
 30191 | Elf:1    | Reached skill level 20 in Dodging
 30596 | Elf:1    | Identified the +8 buckler "Xunlipt" {Fragile Str+6}
 31340 | Vaults:1 | Entered Level 1 of the Vaults
 31356 | Vaults:1 | Reached XP level 20. HP: 63/130 MP: 26/26
 31961 | Vaults:1 | Received a gift from Okawaru
 32244 | Vaults:1 | Received a gift from Okawaru
 32540 | Vaults:1 | Reached skill level 10 in Armour
 33342 | Vaults:1 | Reached skill level 21 in Dodging
 33373 | Vaults:1 | Identified the cursed ring of Ofucocif {rN+ Stlth+, (Curse:
                  | Fragile)}
 33817 | Vaults:2 | Received a gift from Okawaru
 33866 | Vaults:2 | Found a magical portal.
 33954 | WizLab   | Reached XP level 21. HP: 129/139 MP: 27/27
 34411 | WizLab   | Noticed an antique lich
 34420 | WizLab   | Killed an antique lich
 34434 | WizLab   | Found the +9 sword of Zonguldrok {reap}
 34545 | Vaults:2 | Received a gift from Okawaru
 35015 | Depths:1 | Entered Level 1 of the Depths
 35080 | Depths:1 | Reached skill level 22 in Dodging
 35252 | Elf:2    | Received a gift from Okawaru
 35689 | Elf:2    | Found a huge runed translucent gate.
 35689 | Elf:2    | Found a huge runed translucent gate.
 35690 | Elf:2    | Found a huge runed translucent gate.
 35690 | Elf:2    | Found a huge runed translucent gate.
 35690 | Elf:2    | Found a huge runed translucent gate.
 36077 | Elf:3    | Entered Level 3 of the Elven Halls
 36091 | Elf:3    | Identified the cursed amulet of Haeho {+Rage rF+, (Curse:
                  | Fragile Str-4)}
 36389 | Elf:3    | Identified the +10 broad axe of the Chain {molten, rElec
                  | rF- Str+5 Stlth+}
 36563 | Elf:3    | Identified the cursed +4 ring mail of the Harvest {-Tele
                  | rPois Int-4 Slay+5, (Curse: rF-)}
 36668 | Elf:3    | Reached XP level 22. HP: 148/148 MP: 28/28
 36672 | Elf:3    | Found Wenij's Magic Scroll Shop.
 36882 | Elf:3    | Cast into level 3 of the Abyss (a deep elf demonologist)
 36882 | Abyss:3  | Found a corrupted altar of Lugonu.
 37059 | Abyss:3  | Received a gift from Okawaru
 37069 | Abyss:3  | Found an ornate altar of Bahamut and Tiamat.
 37089 | Abyss:3  | Slain by a Hell Sentinel

Levels and vault maps discovered:
D:1:      dpeg_arrival_erosion, layout_basic, serial_glass, glass_columns_a,
          glass_columns_b, small_statue_intersection, minmay_stone_trees_medium
D:2:      layout_sewer, nicolae_overflow_crystal_walls, sewer_frog_spiral
D:3:      layout_rooms, bloody_trog, gammafunk_ghost_smash, first_ration,
          minmay_hollow_rounded_squares
D:4:      layout_loops_cross, cheibriados_altar_1, lemuel_crystal_altar,
          minmay_temple_entry_statues_pillars, uniq_crazy_yiuf_cottage,
          uniq_gastronok, uniq_harold, uniq_prince_ribbit1
D:5:      layout_irregular_city, elyvilon_altar_5, erik_lair_orcish_takeover,
          serial_shops, shop
D:6:      layout_basic, orc_0_dummy, enter_trove_6, basic_altar, grunt_pizzeria
D:7:      layout_cave_pools, nicolae_overflow_hidden_temple,
          kennysheep_little_box, erik_vaults_1, minmay_crystal_room,
          basic_altar, uniq_agnes
D:8:      gammafunk_depths_entry_grave, layout_gridville, lemuel_crystal_altar,
          bcadren_lemuel_inverted_doored_altar, makhleb_altar_promises_db,
          minitemple, uniq_jorgrun, uniq_roxanne
Temple:   compressed_dpeg_triangle_lava_temple
Lair:1:   layout_chaotic_city, lightli_ossuary_entry_decrepit_ruins,
          ossuary_tomb_1, grunt_megastairs_3, minmay_lair_oklob_chamber,
          uniq_joseph
Lair:2:   layout_chaotic_city, shoals_dummy_entry, uniq_maggie, uniq_nergalle,
          uniq_urug
Lair:3:   layout_gridlike, cheibrodos_lair_lostbears, serial_bayou_shore_b
Lair:4:   layout_gridlike, guppyfry_snake_entry_island
Lair:5:   layout_long_grid, portal_ice_cave_entry_pillars_1,
          serial_bayou_pond_a, grunt_megastairs_5, serial_bayou_shore_b
Lair:6:   hangedman_lair_in_review, layout_big_grid,
          minmay_slime_entry_jelly_boxes, minivault_25
Shoals:1: layout_shoals, ebering_ghost_xom, lemuel_altar_in_water
Shoals:2: layout_shoals
Shoals:3: layout_shoals, nicolae_shoals_stone_sculpture_thing,
          hangedman_shoal_volcano
Shoals:4: shoals_end_grunt_ice, layout_shoals, nicolae_shoals_this_corrosion
Snake:1:  layout_misc_corridors, minmay_shop_grove, uniq_louise
Snake:2:  layout_layer_cave, serial_shops, shop, grunt_megastairs_2,
          minmay_shoptagon, uniq_aizul
Snake:3:  layout_layer_cave
Snake:4:  minmay_snake_end_coiled, layout_onion, minmay_shop_star,
          lemuel_fruit_tree
Orc:1:    layout_diamond_mine
Orc:2:    grunt_orc_community_town_hall, layout_diamond_mine,
          grunt_orc_community_big_house_1, grunt_orc_community_big_house_2,
          grunt_orc_community_house_3, grunt_orc_community_house_2,
          grunt_orc_community_house_1, grunt_orc_community_house_3,
          grunt_orc_community_house_3, uniq_rupert
Elf:1:    minmay_elf_arrival_plus, layout_geoelf_diagonals, serial_shops,
          nicolae_shop_trees, minmay_elf_demonology
Elf:2:    layout_loops_cross, drop_trap
Elf:3:    grunt_elf_hall_branching, layout_geoelf_diagonals, serial_shops, shop,
          guppyfry_library_mini
Vaults:1: v_misc_25, grunt_vaults_twisty, nicolae_vaults_rhombus_5,
          hangedman_vaults_river_flow, nicolae_vaults_border_crossing,
          nicolae_vaults_yaktaur_gun_rack, hangedman_vaults_snaps,
          vaults_standard_mumra_lines, st_lines, ontoclasm_vaults_tryst,
          vaults_room_hallway, nicolae_vaults_circle_grid_a, serial_ice_g,
          ontoclasm_vaults_shuriken, v_alt_pattern_1, layout_vaults_omnibox
Vaults:2: grunt_tower_of_power, minmay_crypt_entry_simple_walls, v_rooms_5,
          vaults_room_ringed_pool, hangedman_vaults_stream,
          grunt_vaults_diagonal, vaults_room_pool, ontoclasm_vaults_eye,
          ontoclasm_vaults_chip, grunt_vaults_focal, layout_vaults_omnigrid,
          mu_enter_wizlab_3
Depths:1: layout_cave_pools, hellmouth_1, rand_demon_pan_entry_8,
          bh_walls_and_bars, kilobyte_mutagenic_chamber
Abyss:3:  base: D:7, bh_abyss_negative, hangedman_classic_abyss_death,
          bh_abyss_negative

Skill      XL: |  1  2  3  4  5  6  7  8  9 10 11 12 13 14 15 16 17 18 19 20 21 |
---------------+----------------------------------------------------------------+-----
Dodging        | 4 5 6 7 8 10 12 14 15 17 18 19 20 21 22 | 22.0
Short Blades   | 4 5 6 8 9 11 12 13 14 17 19 20 21 | 21.0
Fighting       | 3 4 5 7 8 9 11 12 13 14 15 17 18 | 18.8
Armour         | 1 2 3 5 6 8 9 10 11 | 11.2
Invocations    | 5 8 |  8.0
Slings         | 7 14 16 | 16.0
Evocations     | |  2.1

Action                   |  1- 3 |  4- 6 |  7- 9 | 10-12 | 13-15 | 16-18 | 19-21 | 22-24 || total
-------------------------+-------+-------+-------+-------+-------+-------+-------+-------++-------
Melee: Rapier            |    26 |   106 |   456 |    99 |       |       |       |       ||   687
       Unarmed           |     7 |    65 |   334 |   492 |   253 |       |    28 |       ||  1179
       Sai               |       |       |       |   563 |   375 |   238 |    69 |       ||  1245
       Katar             |       |       |       |       |       |       |   348 |    23 ||   371
 Fire: Hunting sling     |       |       |       |       |   381 |  1137 |  1055 |    67 ||  2640
Invok: Heroism           |       |       |       |     2 |     3 |     2 |     4 |     1 ||    12
       Finesse           |       |       |       |     1 |       |     1 |     1 |       ||     3
Evoke: Wand              |       |       |       |     1 |     4 |       |       |       ||     5
  Use: Potion            |       |     1 |       |     5 |       |     3 |     3 |     3 ||    15
       Scroll            |       |       |     1 |       |     2 |     1 |     2 |       ||     6
 Stab: Sleeping          |       |       |     7 |     4 |     1 |     1 |       |       ||    13
       Distracted        |       |       |     1 |       |     1 |       |       |       ||     2
       Invisible         |       |       |       |     1 |       |       |       |       ||     1
  Eat: Chunk             |       |     2 |    12 |    24 |    22 |    24 |    28 |       ||   112
       Ration            |       |       |     1 |       |       |     1 |       |       ||     2
Armor: Leather armour    |     1 |    12 |    52 |    11 |       |       |       |       ||    76
       Robe              |       |       |       |    19 |    50 |    21 |    30 |     7 ||   127
Dodge: Dodged            |    11 |   151 |   488 |   393 |   288 |   210 |   321 |    14 ||  1876
Block: Other             |       |    12 |   118 |    11 |       |       |    36 |     2 ||   179
       Sai               |       |       |       |   128 |   106 |    89 |    40 |       ||   363
       Reflection        |       |       |       |     7 |     3 |    20 |    20 |       ||    50
